AoeStats
← MGtheEvil

Oasis

508492149Analyzed
2v2 RM · 11d ago on Sep 22, 2026· 57m 16s· 4 players
Game mode
Random Map
Map size
Medium (4 player)
Population
200
Speed
Normal
Resources
Standard
Victory
Conquest
Starting age
Dark Age
Ending age
Imperial Age
RankedLock teamsTeams togetherTeam positionsShared explorationLock speedFull tech treeHidden civsTurbo modeCheats
Victory
Defeat
🇧🇩 Portuguese · Bangladesh
770
+13
🇧🇩 Franks · Bangladesh
770
+13
🇵🇪 Sicilians · Peru
713
-30
🇵🇪 Burmese · Peru
713
-30
Crisma
11:09 Feudal Age
12:29 Wheelbarrow
12:27 Double-Bit Axe
17:19 Gold Mining
17:20 Stone Mining
17:42 Horse Collar
19:48 Loom
20:31 Town Watch
26:50 Castle Age
25:29 Bloodlines
27:56 Husbandry
27:18 Light Cavalry
27:22 Pikeman
27:49 Gambesons
31:03 Hand Cart
31:43 Stone Shaft Mining
31:29 Bow Saw
33:20 Heavy Plow
34:13 Gold Shaft Mining
33:48 Scale Mail Armor
33:39 Fletching
34:01 Forging
33:57 Scale Barding Armor
34:50 Squires
34:37 Arson
34:20 Elite Skirmisher
37:10 First Crusade
39:53 Imperial Age
38:37 Iron Casting
37:58 Bodkin Arrow
38:20 Chain Mail Armor
41:02 Ballistics
42:20 Conscription
43:49 Bracer
43:54 Murder Holes
44:52 Caravan
48:07 Town Patrol
50:02 Blast Furnace
49:34 Plate Mail Armor
49:05 Padded Archer Armor
50:51 Elite Serjeant
53:21 Hauberk
52:42 Halberdier
58:13 Chemistry
rompetubo
3:04 Loom
16:00 Feudal Age
18:43 Wheelbarrow
21:00 Horse Collar
47:05 Castle Age
49:02 Husbandry
49:23 Hand Cart
52:50 Gold Mining
52:50 Stone Mining
53:16 Heavy Plow
54:09 Fletching
54:30 Forging
MGtheEvil
6:16 Loom
12:01 Feudal Age
15:57 Castle Age
14:10 Double-Bit Axe
14:43 Stone Mining
16:29 Gold Mining
21:23 Fletching
29:29 Horse Collar
35:24 Imperial Age
35:18 Bow Saw
36:27 Conscription
37:18 Wheelbarrow
38:48 Heavy Plow
41:51 Hand Cart
41:21 Town Watch
43:06 Elite Organ Gun
47:07 Arquebus
46:41 Capped Ram
57:32 Chemistry
56:15 Treadmill Crane
56:45 Masonry
56:56 Ballistics
Nayem
3:19 Loom
12:30 Feudal Age
13:20 Double-Bit Axe
17:34 Castle Age
17:46 Gold Mining
17:48 Stone Mining
20:55 Husbandry
21:10 Forging
23:35 Bow Saw
24:44 Scale Barding Armor
32:05 Imperial Age
33:17 Wheelbarrow
33:20 Cavalier
34:45 Conscription
35:49 Gold Shaft Mining
36:46 Hand Cart
36:34 Paladin
38:55 Iron Casting
38:30 Chivalry
38:56 Chain Barding Armor
39:38 Caravan
40:11 Coinage
41:03 Blast Furnace
40:46 Plate Barding Armor
48:40 Banking
Connection lost

Rejoining the realm…

Still unreachable

The connection could not be restored.

Session expired

The server has moved on; the page needs a fresh start.